 Dungeon Crawl Stone Soup version 0.31-a0-152-g6aa68a64a1 (webtiles) character file.

Game seed: 14224464727418449863

365 qw the Shooter (level 6, -1/53 HPs)
             Began as a Minotaur Hunter on June 9, 2023.
             Slain by a water moccasin (6 damage)
             ... on level 4 of the Dungeon.
             The game lasted 00:01:13 (3053 turns).

qw the Shooter (Minotaur Hunter)                    Turns: 3053, Time: 00:01:13

Health: -1/53      AC:  5    Str: 16    XL:     6   Next: 40%
Magic:  5/5        EV: 11    Int:  6    God:
Gold:   290        SH:  0    Dex: 15    Spells: 5/5 levels left

rFire   . . .        Y - +0 shortbow
rCold   + . .        (shield currently unavailable)
rNeg    + . .        h - +0 ring mail
rPois   .            (helmet restricted)
rElec   +            (no cloak)
rCorr   .            (no gloves)
SInv    .            (no boots)
Will    .....        (no amulet)
Stlth   +            d - ring of Fuocol Qasikh {rElec rC+ rN+}
HPRegen 0.28/turn    (no ring)
MPRegen 0.09/turn

%: no passive effects
@: lethally poisoned (-1 -> -9), about to teleport
A: horns 2, retaliatory headbutt
a: no special abilities


You were on level 4 of the Dungeon.
You visited 1 branch of the dungeon, and saw 4 of its levels.

You collected 290 gold pieces.


Innate Abilities, Weirdness & Mutations

You have a pair of horns on your head.
You reflexively headbutt those who attack you in melee.


   Skills:
 - Level 4.7 Fighting
 + Level 7.5 Ranged Weapons
 - Level 1.0 Armour
 - Level 2.1 Dodging
 - Level 0.7 Stealth


You had 5 spell levels left.
You didn't know any spells.
Your spell library was empty.

Inventory:

Hand Weapons
 Y - a +0 shortbow (weapon)
Armour
 c - a +0 pair of boots
 h - a +0 ring mail (worn)
Jewellery
 d - the ring of Fuocol Qasikh (left hand) {rElec rC+ rN+}
   (You found it on level 3 of the Dungeon)

   [ring of positive energy]

   rC:        It protects you from cold.
   rElec:     It insulates you from electricity.
   rN:        It protects you from negative energy.
Scrolls
 a - a scroll of identify
Potions
 b - 2 potions of curing
 e - a potion of heal wounds {unknown}
 g - a potion of mutation {unknown}
 i - a potion of brilliance {unknown}

Dungeon Overview and Level Annotations

Branches:
Dungeon (4/15)
 Temple: D:4-7

Altars:
Ashenzari
Gozag
Sif Muna
Trog


Message History

The water moccasin is lightly wounded.
You feel very sick. The water moccasin bites you!
You shoot an arrow.
The arrow barely misses the water moccasin.
You feel very sick.
The water moccasin bites you but does no damage.
The water moccasin closely misses you.
You shoot an arrow. The arrow misses the water moccasin.
You feel sick.
The water moccasin bites you but does no damage.
You shoot an arrow.
The arrow hits the water moccasin but does no damage.
The water moccasin is lightly wounded.
You feel sick. The water moccasin closely misses you.
The water moccasin barely misses you.
You shoot an arrow. The arrow hits the water moccasin.
The water moccasin is moderately wounded.
You feel sick. The water moccasin bites you.
The water moccasin closely misses you.
You shoot an arrow. The arrow hits the water moccasin.
The water moccasin is moderately wounded.
You feel sick.
The water moccasin bites you but does no damage.
You shoot an arrow. The arrow hits the water moccasin.
The water moccasin is moderately wounded.
You feel sick. The water moccasin barely misses you.
The water moccasin bites you!
You are lethally poisoned!
The water moccasin poisons you!
3052 ||| READING scroll of teleportation.
As you read the scroll of teleportation, it crumbles to dust.
You feel strangely unstable.
You feel very sick.
The water moccasin completely misses you.
You shoot an arrow.
The arrow hits the water moccasin but does no damage.
The water moccasin is moderately wounded.
You feel sick. The water moccasin bites you. x2
You die...

#.###...##..##.#........
#...........##.#).......
#.........#....<...
#..##..............
#..##.###.#..#.#.##
#..##.# #.#...###..
##.##.# #.##.#.# ##
#.##.# #.##.# .# #@##..
... . # #...S.#### #.#
## #.###.# #.# ... #.#
#.. ###.# #.# #.#


You could see a water moccasin.

Vanquished Creatures
  A centaur (D:4)
  A scorpion (D:3)
  A hound (D:4)
  An orc priest (D:4)
  2 orc wizards
  3 gnolls (D:4)
  3 adders
  3 worms
  3 dart slugs (D:4)
  3 ball pythons
  8 endoplasms
  4 giant cockroaches
  8 goblins
  6 hobgoblins
  6 bats
  2 frilled lizards (D:2)
  8 kobolds
  3 rats
66 creatures vanquished.

Vanquished Creatures (others)
  An orc wizard (D:3)
1 creature vanquished.

Grand Total: 67 creatures vanquished

Notes
Turn   | Place    | Note
-------+----------+-------------------------------------------
     0 | D:1      | qw the Minotaur Hunter began the quest for the Orb.
     0 | D:1      | Reached XP level 1. HP: 18/18 MP: 0/0
     0 | D:1      | 0 ||| qw: Version: 0.2-a-122-gbc61b45
     0 | D:1      | 0 ||| qw: Game counter: 3373
     0 | D:1      | 0 ||| qw: Always use a shield: true
     0 | D:1      | 0 ||| qw: God list: Okawaru
     0 | D:1      | 0 ||| qw: Allow faded altars: false
     0 | D:1      | 0 ||| qw: Do Orc after D:15 true
     0 | D:1      | 0 ||| qw: Do second Lair branch before Depths: true
     0 | D:1      | 0 ||| qw: Lair rune preference: random
     0 | D:1      | 0 ||| qw: Plans: Normal
     0 | D:1      | 0 ||| PLANNING D:1-11
   307 | D:1      | 307 ||| FLEEEEING.
   308 | D:1      | 308 ||| FLEEEEING.
   310 | D:1      | 310 ||| FLEEEEING.
   311 | D:1      | 311 ||| FLEEEEING.
   312 | D:1      | 312 ||| FLEEEEING.
   313 | D:1      | 313 ||| FLEEEEING.
   314 | D:1      | 314 ||| FLEEEEING.
   315 | D:1      | 315 ||| FLEEEEING.
   316 | D:1      | 316 ||| FLEEEEING.
   317 | D:1      | 317 ||| FLEEEEING.
   318 | D:1      | 318 ||| FLEEEEING.
   320 | D:1      | 320 ||| FLEEEEING.
   325 | D:1      | Reached XP level 2. HP: 23/25 MP: 1/1
   328 | D:1      | Reached skill level 5 in Ranged Weapons
   508 | D:1      | Found a faded altar of an unknown god.
   698 | D:1      | 698 ||| UPGRADING to +0 ring mail.
   708 | D:1      | 708 ||| DROPPING +0 leather armour.
   709 | D:1      | 709 ||| READING 2 scrolls labelled VUPOVI KUINEH.
   710 | D:1      | 710 ||| READING 2 scrolls labelled UTOEWN IRUSEKU.
   713 | D:1      | 713 ||| DROPPING scroll of butterflies.
   851 | D:2      | Reached skill level 1 in Armour
  1055 | D:2      | Reached skill level 3 in Fighting
  1141 | D:2      | Reached XP level 3. HP: 31/31 MP: 2/2
  1541 | D:2      | 1541 ||| READING scroll labelled HAOSAL KUPPEN.
  1542 | D:2      | 1542 ||| DRINKING 2 bubbling emerald potions.
  1543 | D:2      | 1543 ||| READING 2 scrolls of identify.
  1543 | D:2      | 1543 ||| IDENTIFYING fuming purple potion
  1544 | D:2      | 1544 ||| DROPPING potion of attraction.
  1646 | D:3      | Found a broken altar of Ashenzari.
  1664 | D:3      | Found a bloodstained altar of Trog.
  1749 | D:3      | You fall into a shaft and drop 1 floor!
  1791 | D:4      | Reached XP level 4. HP: 38/38 MP: 3/3
  1792 | D:4      | Noticed a centaur
  1802 | D:4      | Killed a centaur
  1803 | D:4      | Reached skill level 6 in Ranged Weapons
  1803 | D:4      | Reached XP level 5. HP: 26/45 MP: 4/4
  2055 | D:4      | 2055 ||| READING scroll labelled XYASOE PURR.
  2056 | D:4      | 2056 ||| READING scroll labelled GIOGEYLINIL.
  2057 | D:4      | 2057 ||| READING 2 scrolls of identify.
  2057 | D:4      | 2057 ||| IDENTIFYING red potion
  2058 | D:4      | 2058 ||| DROPPING potion of ambrosia.
  2146 | D:3      | Identified the +5 hand axe of Heclu {vamp, *Slow Str+8}
  2238 | D:3      | Identified the ring of Fuocol Qasikh {rElec rC+ rN+}
  2404 | D:3      | Found an opulent altar of Gozag.
  2536 | D:3      | Found a shimmering blue altar of Sif Muna.
  2543 | D:3      | 2543 ||| FLEEEEING.
  2544 | D:3      | 2544 ||| FLEEEEING.
  2545 | D:3      | 2545 ||| FLEEEEING.
  2658 | D:3      | 2658 ||| FLEEEEING.
  2698 | D:3      | 2698 ||| FLEEEEING.
  2729 | D:3      | 2729 ||| UPGRADING to ring of Fuocol Qasikh {rElec rC+
                  | rN+}.
  2730 | D:3      | 2730 ||| READING scroll labelled NOTENEMIWA.
  2750 | D:4      | Reached XP level 6. HP: 53/53 MP: 5/5
  2770 | D:4      | Reached skill level 7 in Ranged Weapons
  2773 | D:4      | 2773 ||| FLEEEEING.
  2774 | D:4      | 2774 ||| FLEEEEING.
  2778 | D:4      | 2778 ||| FLEEEEING.
  2779 | D:4      | 2779 ||| FLEEEEING.
  2785 | D:4      | 2785 ||| FLEEEEING.
  2786 | D:4      | 2786 ||| FLEEEEING.
  2787 | D:4      | 2787 ||| STAIRDANCE
  3040 | D:4      | Noticed a water moccasin
  3051 | D:4      | HP: 12/53 [water moccasin (7)]
  3052 | D:4      | 3052 ||| READING scroll of teleportation.
  3053 | D:4      | HP: 5/53 [water moccasin (3)]
  3053 | D:4      | Slain by a water moccasin

Levels and vault maps discovered:
D:1:      nicolae_arrival_somewhat_less_tricky_arrival, layout_loops_cross,
          basic_ecumenical_altar, minmay_misc_feat_secret_circle
D:2:      layout_basic, st_stairs_9, kennysheep_generic_room_5
D:3:      layout_loops_ring, nicolae_gozag_seed_capital,
          mainiacjoe_overflow_catwalk_spiral, led_sif_book
D:4:      layout_loops_ring, uniq_natasha

Skill      XL: |  1  2  3  4  5  6 |
---------------+-------------------+-----
Ranged Weapons | 5 6 7 |  7.5
Armour         | 1 |  1.0
Fighting       | 3 4 |  4.7
Dodging        | |  2.1
Stealth        | |  0.7

Action                     |  1- 3 |  4- 6 || total
---------------------------+-------+-------++-------
   Fire: Shortbow          |   128 |   118 ||   246
    Use: Scroll            |     4 |     5 ||     9
         Potion            |     1 |       ||     1
 Armour: Leather armour    |     3 |       ||     3
         Ring mail         |    25 |    15 ||    40
  Dodge: Dodged            |    33 |    35 ||    68

Table legend:
 A = Non-vault XP
 B = Vault XP
 C = Vault XP percentage of total XP
 D = Non-vault monster count
 E = Vault monster count
 F = Vault count percentage of total count
                 A         B        C        D         E       F
            +---------+---------+-------+---------+---------+-------
      Total |     483 |      39 |   7.5 |      60 |       7 |  10.4
            +---------+---------+-------+---------+---------+-------
        D:1 |      24 |       0 |   0.0 |      14 |       0 |   0.0
        D:2 |      40 |       8 |  16.7 |      15 |       5 |  25.0
        D:3 |     111 |      31 |  21.8 |      11 |       2 |  15.4
        D:4 |     308 |       0 |   0.0 |      20 |       0 |   0.0
            +---------+---------+-------+---------+---------+-------
